 Dungeon Crawl Stone Soup version 0.18.1-48-g4cf74bf (webtiles) character file.

99 Gargoyl the Skirmisher (level 4, 0/37 HPs)
             Began as a Demonspawn Abyssal Knight on June 25, 2016.
             Was a Believer of Lugonu.
             Succumbed to an adder's poison
             ... on level 2 of the Dungeon.
             The game lasted 00:03:53 (2180 turns).

Gargoyl the Skirmisher (Demonspawn Abyssal Knight)  Turns: 2180, Time: 00:03:54

Health: 0/37       AC: 10    Str: 13    XL:     4   Next: 45%
Magic:  6/6        EV:  6    Int: 14    God:    Lugonu [**....]
Gold:   62         SH:  0    Dex: 12    Spells: 0 memorised, 3 levels left

rFire  . . .     SeeInvis .     a - +1 hand axe
rCold  . . .     Gourm    .     f - +0 chain mail
rNeg   . . .     Faith    .     (no shield)
rPois  .         Spirit   .     (helmet restricted)
rElec  .         Dismiss  .     (no cloak)
rCorr  .         Reflect  .     (no gloves)
SustAt .         Harm     .     n - +0 pair of boots
MR     .....                    (no amulet)
Stlth  ..........               (no ring)
                                (no ring)

@: lethally poisoned (0 -> -6), flying, very slightly contaminated, hasted, very
quick, not resistant to hostile enchantments, extremely unstealthy
A: antennae 1, powered by pain 1
a: Depart the Abyss, Bend Space, Renounce Religion


You were on level 2 of the Dungeon.
You worshipped Lugonu.
Lugonu was pleased with you.
You were hungry.

You visited 1 branch of the dungeon, and saw 2 of its levels.
You visited the Abyss 1 time.

You collected 62 gold pieces.

Inventory:

Hand Weapons
 a - a +1 hand axe (weapon)
Armour
 f - a +0 chain mail (worn)
 n - a +0 pair of boots (worn)
Scrolls
 d - 2 scrolls of enchant weapon {unknown}
 h - a scroll of magic mapping {unknown}
 j - 2 scrolls of fear {unknown}
 k - a scroll of identify {unknown}
Comestibles
 c - 3 bread rations
 g - a beef jerky


   Skills:
 + Level 3.8 Fighting
 + Level 2.3 Axes
 * Level 2.9 Armour
 + Level 1.3 Dodging
 + Level 2.7 Invocations


You had 3 spell levels left.
You didn't know any spells.

Dungeon Overview and Level Annotations

Branches:
Dungeon (2/15)

Altars:


Innate Abilities, Weirdness & Mutations

You have a pair of small antennae on your head.
You sometimes gain a little power by taking damage.


Message History

* * * LOW HITPOINT WARNING * * *
You feel sick.
Drink which item? (? for menu, Esc to quit)
It was a potion of cure mutation.
It has a very clean taste.
* * * LOW HITPOINT WARNING * * *
You feel sick.
Drink which item? (? for menu, Esc to quit)
It was a potion of magic.
Magic courses through your body.
Drink which item? (? for menu, Esc to quit)
It was a potion of flight.
You feel very buoyant.
You fly up into the air.
* * * LOW HITPOINT WARNING * * *
You feel sick.
Drink which item? (? for menu, Esc to quit)
It was a potion of haste.
You feel yourself speed up.
* * * LOW HITPOINT WARNING * * *
You feel sick.
You are very lightly contaminated with residual magic.
You die...

# ##################.#
................@..#
##################.# #
####### #.....# #.....#
#.. #.....# ...
####.....############.#
###...................#.#


There were no monsters in sight!

Vanquished Creatures
  3 adders (D:2)
  6 dart slugs
  A giant gecko (D:1)
  A giant cockroach (D:1)
  9 hobgoblins
  4 jackals (D:1)
  A quokka (D:2)
  7 bats
  A giant newt (D:1)
  9 goblins
  2 kobolds
  17 rats
61 creatures vanquished.

Notes
Turn   | Place    | Note
--------------------------------------------------------------
     0 | Abyss:1  | Gargoyl the Demonspawn Abyssal Knight began the quest for the Orb.
     0 | Abyss:1  | Reached XP level 1. HP: 18/18 MP: 2/2
    46 | Abyss:2  | Noticed a small abomination
    65 | D:1      | Escaped the Abyss
   230 | D:1      | Reached * piety under Lugonu
   260 | D:1      | Gained mutation: You have a pair of small antennae on your head. [demonic ancestry]
   260 | D:1      | Reached XP level 2. HP: 22/24 MP: 3/3
   493 | D:1      | Gained mutation: You sometimes gain a little power by taking damage. [demonic ancestry]
   493 | D:1      | Reached XP level 3. HP: 27/29 MP: 5/5
  1058 | D:2      | Reached ** piety under Lugonu
  1245 | D:2      | Reached skill level 1 in Dodging
  1631 | D:2      | Reached XP level 4. HP: 37/37 MP: 6/6
  2178 | D:2      | HP: 1/37 [poisoned by an adder]
  2180 | D:2      | Succumbed to an adder's poison

Skill      XL: |  1  2  3 |
---------------+----------+-----
Axes           | 2 |  2.3
Armour         | 2 |  2.9
Dodging        | 1 |  1.3
Fighting       | |  3.8
Invocations    | |  2.7

Action                   |  1- 3 |  4- 6 || total
-------------------------+-------+-------++-------
Melee: Hand axe          |   148 |    51 ||   199
Invok: Depart the Abyss  |     1 |       ||     1
  Use: Potion            |       |     5 ||     5
  Eat: Chunk             |     2 |     2 ||     4
Armor: Chain mail        |   130 |    42 ||   172
Dodge: Dodged            |    62 |    14 ||    76
